TOP OF THE 1ST |
Boston Patriots batting - Pitching for Greenville 84s : RHP Jesús Silva
|
Pitching: RHP Jesús Silva
|
|
Batting: SHB Eisse van Opdorp
|
0-0: Ball 1-0: Foul Ball, location: 2F 1-1: Foul Ball, location: 2F 1-2: Strikes out swinging
|
Batting: LHB Juan Andrés Martí
|
0-0: Foul Ball, location: 2F 0-1: Ball 1-1: SINGLE (Line Drive, 4MD, EV 103.8 MPH)
|
Batting: SHB Jae-woo Ohm
|
0-0: Ball 1-0: Foul Ball, location: 2F 1-1: Ball 2-1: Swinging Strike 2-2: Fielders Choice at 2nd, 1-6 (Groundball, 13S, EV 73.8 MPH)
|
Now at SS: Moriz Ayushiev
|
|
Batting: SHB Roberto Castillo
|
0-0: Foul Ball, location: 2F 0-1: Ball 1-1: Swinging Strike 1-2: Ball 2-2: Foul Ball, location: 2F 2-2: Foul Ball, location: 2F 2-2: Strikes out looking
|
Top of the 1st over - 0 runs, 1 hit, 0 errors, 1 left on base; Boston 0 - Greenville 0 |
BOTTOM OF THE 1ST |
Greenville 84s batting - Pitching for Boston Patriots : RHP Nicky Bogdan
|
Pitching: RHP Nicky Bogdan
|
|
Batting: LHB Lung Chaim
|
0-0: Fly out, F9 (Flyball, 9D, EV 101.9 MPH)
|
Batting: RHB António Macías
|
0-0: Ball 1-0: Fly out, F9 (Flyball, 9S, EV 87.5 MPH)
|
Batting: LHB Craig Woods
|
0-0: Ball 1-0: SINGLE (Flyball, 7S, EV 91.2 MPH)
|
Batting: LHB Philip Visscher
|
0-0: Called Strike 0-1: Foul Ball, location: 2F 0-2: Ball 1-2: Ball 2-2: SINGLE (Groundball, 34D, EV 94.4 MPH) Craig Woods to second Runner from 2nd tries for 3rd, OUT! 9-5
|
Bottom of the 1st over - 0 runs, 2 hits, 0 errors, 1 left on base; Boston 0 - Greenville 0 |
TOP OF THE 2ND |
Boston Patriots batting - Pitching for Greenville 84s : RHP Jesús Silva
|
Batting: LHB Tural Bishara
|
0-0: Ball 1-0: SINGLE (Groundball, 6MD, EV 106.9 MPH)
|
Batting: LHB Freddy Díaz
|
0-0: Swinging Strike 0-1: Swinging Strike 0-2: Ball 1-2: Strikes out looking
|
Batting: SHB César Enríques
|
0-0: Ball 1-0: Foul Ball, location: 2F 1-1: Swinging Strike 1-2: Strikes out swinging
|
Batting: RHB Yu-shu Kang
|
0-0: Called Strike 0-1: Ball 1-1: Fielders Choice at 2nd, 6-4 (Groundball, 6, EV 90.0 MPH)
|
Top of the 2nd over - 0 runs, 1 hit, 0 errors, 1 left on base; Boston 0 - Greenville 0 |
BOTTOM OF THE 2ND |
Greenville 84s batting - Pitching for Boston Patriots : RHP Nicky Bogdan
|
Batting: RHB Moriz Ayushiev
|
0-0: Ball 1-0: Called Strike 1-1: Ball 2-1: Foul Ball, location: 2F 2-2: Ground out 4-3 (Groundball, 4S, EV 81.2 MPH)
|
Batting: LHB Vicente Gonzáles
|
0-0: Ball 1-0: Ball 2-0: Ground out U3 (Groundball, 3, EV 87.5 MPH)
|
Batting: RHB Abel Risinger
|
0-0: Ball 1-0: SINGLE (Line Drive, 6M, EV 99.4 MPH)
|
Batting: LHB Quincy Wass
|
0-0: Ball 1-0: Ball 2-0: Fly out, F1 (Line Drive, P, EV 63.8 MPH)
|
Bottom of the 2nd over - 0 runs, 1 hit, 0 errors, 1 left on base; Boston 0 - Greenville 0 |
TOP OF THE 3RD |
Boston Patriots batting - Pitching for Greenville 84s : RHP Jesús Silva
|
Batting: RHB Juan Dávila
|
0-0: Ball 1-0: Swinging Strike 1-1: Fly out, F3 (Popup, 3F, EV 67.5 MPH)
|
Batting: SHB Eisse van Opdorp
|
0-0: Called Strike 0-1: Swinging Strike 0-2: Ball 1-2: Foul Ball, location: 2F 1-2: Strikes out looking
|
Batting: LHB Juan Andrés Martí
|
0-0: Ball 1-0: Swinging Strike 1-1: Foul Ball, location: 2F 1-2: Strikes out swinging
|
Top of the 3rd over - 0 runs, 0 hits, 0 errors, 0 left on base; Boston 0 - Greenville 0 |
BOTTOM OF THE 3RD |
Greenville 84s batting - Pitching for Boston Patriots : RHP Nicky Bogdan
|
Batting: RHB Mun-wah Law
|
0-0: Ground out 5-3 (Groundball, 56S, EV 71.9 MPH)
|
Batting: LHB Lung Chaim
|
0-0: Ball 1-0: Foul Ball, location: 2F 1-1: SOLO HOME RUN (Flyball, 9D, EV 108.1 MPH), Distance : 376 ft
|
Batting: RHB António Macías
|
0-0: Ground out 1-3 (Groundball, 25, EV 86.2 MPH)
|
Batting: LHB Craig Woods
|
0-0: Ball 1-0: Ball 2-0: Ball 3-0: Base on Balls
|
Batting: LHB Philip Visscher
|
0-0: Ball 1-0: Swinging Strike 1-1: Foul Ball, location: 2F 1-2: Foul Ball, location: 2F 1-2: Ball 2-2: Fly out, F3 (Popup, 34S, EV 67.5 MPH)
|
Bottom of the 3rd over - 1 run, 1 hit, 0 errors, 1 left on base; Boston 0 - Greenville 1 |
TOP OF THE 4TH |
Boston Patriots batting - Pitching for Greenville 84s : RHP Jesús Silva
|
Batting: SHB Jae-woo Ohm
|
0-0: Called Strike 0-1: Ball 1-1: Ball 2-1: Swinging Strike 2-2: Ball 3-2: Fly out, F9 (Line Drive, 9, EV 100.0 MPH)
|
Batting: SHB Roberto Castillo
|
0-0: Foul Ball, location: 2F 0-1: Foul Ball, location: 2F 0-2: Ball 1-2: Foul Ball, location: 2F 1-2: Strikes out swinging
|
Batting: LHB Tural Bishara
|
0-0: SINGLE (Groundball, 6MD, EV 107.5 MPH)
|
Batting: LHB Freddy Díaz
|
0-0: Swinging Strike 0-1: Foul Ball, location: 2F 0-2: Ball 1-2: Ball 2-2: Strikes out swinging
|
Top of the 4th over - 0 runs, 1 hit, 0 errors, 1 left on base; Boston 0 - Greenville 1 |
BOTTOM OF THE 4TH |
Greenville 84s batting - Pitching for Boston Patriots : RHP Nicky Bogdan
|
Batting: RHB Moriz Ayushiev
|
0-0: Foul Ball, location: 2F 0-1: Swinging Strike 0-2: Strikes out looking
|
Batting: LHB Vicente Gonzáles
|
0-0: Foul Ball, location: 2F 0-1: Swinging Strike 0-2: Strikes out swinging
|
Batting: RHB Abel Risinger
|
0-0: Ball 1-0: Ball 2-0: Ball 3-0: Called Strike 3-1: Ground out 5-3 (Groundball, 56S, EV 79.4 MPH)
|
Bottom of the 4th over - 0 runs, 0 hits, 0 errors, 0 left on base; Boston 0 - Greenville 1 |
TOP OF THE 5TH |
Boston Patriots batting - Pitching for Greenville 84s : RHP Jesús Silva
|
Batting: SHB César Enríques
|
0-0: Foul Ball, location: 2F 0-1: Ball 1-1: Ball 2-1: Swinging Strike 2-2: Strikes out looking
|
Batting: RHB Yu-shu Kang
|
0-0: Ball 1-0: Swinging Strike 1-1: Swinging Strike 1-2: Ground out 5-3 (Groundball, 56, EV 106.2 MPH)
|
Batting: RHB Juan Dávila
|
0-0: Ball 1-0: Ball 2-0: Ball 3-0: Base on Balls
|
Batting: SHB Eisse van Opdorp
|
0-0: Called Strike 0-1: Swinging Strike 0-2: Ball 1-2: Ball 2-2: Fly out, F9 (Flyball, 9, EV 90.6 MPH)
|
Top of the 5th over - 0 runs, 0 hits, 0 errors, 1 left on base; Boston 0 - Greenville 1 |
BOTTOM OF THE 5TH |
Greenville 84s batting - Pitching for Boston Patriots : RHP Nicky Bogdan
|
Batting: LHB Quincy Wass
|
0-0: Ball 1-0: Ball 2-0: Called Strike 2-1: Called Strike 2-2: Ball 3-2: Ground out 6-3 (Groundball, 6, EV 100.6 MPH)
|
Batting: RHB Mun-wah Law
|
0-0: Ball 1-0: Swinging Strike 1-1: Swinging Strike 1-2: Ball 2-2: Ground out 6-3 (Groundball, 56, EV 85.6 MPH)
|
Batting: LHB Lung Chaim
|
0-0: Ball 1-0: Called Strike 1-1: Ground out 3-1 (Groundball, 34S, EV 83.8 MPH)
|
Bottom of the 5th over - 0 runs, 0 hits, 0 errors, 0 left on base; Boston 0 - Greenville 1 |
TOP OF THE 6TH |
Boston Patriots batting - Pitching for Greenville 84s : RHP Jesús Silva
|
Batting: LHB Juan Andrés Martí
|
0-0: SINGLE (Flyball, 89M, EV 88.8 MPH)
|
Batting: SHB Jae-woo Ohm
|
0-0: Ball 1-0: Swinging Strike 1-1: Ball 2-1: Foul Ball, location: 2F 2-2: Strikes out swinging
|
Batting: SHB Roberto Castillo
|
0-0: Ball 1-0: Ball Juan Andrés Martí steals 2nd base 2-0: Foul Ball, location: 2F 2-1: Ball 3-1: SINGLE (Groundball, 6MD, EV 108.1 MPH) Juan Andrés Martí to third Runner from 3rd tries for Home, SAFE, throw by CF to home Roberto Castillo to second
|
Pitching: RHP Job Janssen
|
|
Batting: LHB Tural Bishara
|
0-0: Ball 1-0: Ball 2-0: Called Strike 2-1: Foul Ball, location: 2F 2-2: Foul Ball, location: 2F 2-2: Ball 3-2: Foul Ball, location: 2F 3-2: Base on Balls
|
Batting: LHB Freddy Díaz
|
0-0: Called Strike 0-1: Ball 1-1: Fly out, F8 (Flyball, 78S, EV 75.6 MPH)
|
Batting: SHB César Enríques
|
0-0: Ball 1-0: Called Strike 1-1: Ball 2-1: Swinging Strike 2-2: Fly out, F7 (Flyball, 7LS, EV 95.0 MPH)
|
Top of the 6th over - 1 run, 2 hits, 0 errors, 2 left on base; Boston 1 - Greenville 1 |
BOTTOM OF THE 6TH |
Greenville 84s batting - Pitching for Boston Patriots : RHP Nicky Bogdan
|
Batting: RHB António Macías
|
0-0: Called Strike 0-1: Called Strike 0-2: Strikes out swinging
|
Batting: LHB Craig Woods
|
0-0: Called Strike 0-1: Ball 1-1: Foul Ball, location: 2F 1-2: SINGLE (Groundball, 34D, EV 94.4 MPH)
|
Batting: LHB Philip Visscher
|
0-0: Called Strike 0-1: Ball 1-1: Swinging Strike 1-2: Ball 2-2: Ball 3-2: Base on Balls Craig Woods to second
|
Batting: RHB Moriz Ayushiev
|
0-0: Ball 1-0: Called Strike 1-1: Ball 2-1: Foul Ball, location: 2F 2-2: Strikes out looking
|
Batting: LHB Vicente Gonzáles
|
0-0: Called Strike 0-1: Ball 1-1: Fly out, F5 (Line Drive, 5, EV 71.9 MPH)
|
Bottom of the 6th over - 0 runs, 1 hit, 0 errors, 2 left on base; Boston 1 - Greenville 1 |
TOP OF THE 7TH |
Boston Patriots batting - Pitching for Greenville 84s : RHP Job Janssen
|
Pitching: RHP Derek May
|
|
Batting: RHB Yu-shu Kang
|
0-0: Ball 1-0: Ground out 4-3 (Groundball, 34D, EV 105.6 MPH)
|
Batting: RHB Juan Dávila
|
0-0: Ball 1-0: Called Strike 1-1: Swinging Strike 1-2: Strikes out swinging
|
Batting: SHB Eisse van Opdorp
|
0-0: Called Strike 0-1: Ball 1-1: Called Strike 1-2: Foul Ball, location: 2F 1-2: Ground out U3 (Groundball, 3L, EV 86.9 MPH)
|
Top of the 7th over - 0 runs, 0 hits, 0 errors, 0 left on base; Boston 1 - Greenville 1 |
BOTTOM OF THE 7TH |
Greenville 84s batting - Pitching for Boston Patriots : RHP Nicky Bogdan
|
Batting: RHB Abel Risinger
|
0-0: Called Strike 0-1: Ball 1-1: Swinging Strike 1-2: Foul Ball, location: 2F 1-2: Strikes out looking
|
Batting: LHB Quincy Wass
|
0-0: Swinging Strike 0-1: Foul Ball, location: 2F 0-2: Ball 1-2: Fly out, F5 (Popup, 25F, EV 91.9 MPH)
|
Batting: RHB Mun-wah Law
|
0-0: Foul Ball, location: 2F 0-1: Ball 1-1: Swinging Strike 1-2: Ground out 1-3 (Groundball, 15, EV 93.1 MPH)
|
Bottom of the 7th over - 0 runs, 0 hits, 0 errors, 0 left on base; Boston 1 - Greenville 1 |
TOP OF THE 8TH |
Boston Patriots batting - Pitching for Greenville 84s : RHP Derek May
|
Batting: LHB Juan Andrés Martí
|
0-0: Foul Ball, location: 2F 0-1: Ball 1-1: Swinging Strike 1-2: Foul Ball, location: 2F 1-2: Foul Ball, location: 2F 1-2: Ball 2-2: Ball 3-2: Foul Ball, location: 2F 3-2: Foul Ball, location: 2F 3-2: SOLO HOME RUN (Flyball, 9D, EV 103.8 MPH), Distance : 380 ft
|
Batting: SHB Jae-woo Ohm
|
0-0: Ball 1-0: Foul Ball, location: 2F 1-1: Ball 2-1: Ground out 4-3 (Groundball, 34, EV 99.4 MPH)
|
Batting: SHB Roberto Castillo
|
0-0: Foul Ball, location: 2F 0-1: Called Strike 0-2: Ball 1-2: Strikes out swinging
|
Batting: LHB Tural Bishara
|
0-0: Ball 1-0: Swinging Strike 1-1: Called Strike 1-2: Ball 2-2: Ball 3-2: Strikes out swinging
|
Top of the 8th over - 1 run, 1 hit, 0 errors, 0 left on base; Boston 2 - Greenville 1 |
BOTTOM OF THE 8TH |
Greenville 84s batting - Pitching for Boston Patriots : RHP Nicky Bogdan
|
Pitching: LHP Bradley Roth
|
|
Batting: LHB Lung Chaim
|
0-0: Ground out 6-3 (Groundball, 4M, EV 103.8 MPH)
|
Batting: RHB António Macías
|
0-0: Called Strike 0-1: Hit by Pitch
|
Batting: LHB Craig Woods
|
0-0: Called Strike 0-1: Foul Ball, location: 2F 0-2: Fly out, F8 (Flyball, 8RM, EV 78.8 MPH)
|
Batting: LHB Philip Visscher
|
0-0: Called Strike 0-1: Ball 1-1: Foul Ball, location: 2F 1-2: Foul Ball, location: 2F 1-2: Strikes out swinging
|
Bottom of the 8th over - 0 runs, 0 hits, 0 errors, 1 left on base; Boston 2 - Greenville 1 |
TOP OF THE 9TH |
Boston Patriots batting - Pitching for Greenville 84s : RHP Derek May
|
Batting: LHB Freddy Díaz
|
0-0: Foul Ball, location: 2F 0-1: Swinging Strike 0-2: Ball 1-2: Ball 2-2: SINGLE (Line Drive, 78S, EV 95.6 MPH)
|
Pitching: RHP Rubén Vázquez
|
|
Batting: SHB César Enríques
|
0-0: Ball 1-0: Foul Ball, location: 2F 1-1: Fielders Choice at 2nd, 6-4 (Groundball, 6M, EV 91.9 MPH)
|
Now at 2B: Ángelo Delgado
|
|
Batting: RHB Yu-shu Kang
|
0-0: Ground out 5-3 (Groundball, 5L, EV 97.5 MPH) César Enríques to second
|
Batting: RHB Juan Dávila
|
0-0: Called Strike 0-1: Ball 1-1: Called Strike 1-2: Foul Ball, location: 2F 1-2: Ball 2-2: Strikes out swinging
|
Top of the 9th over - 0 runs, 1 hit, 0 errors, 1 left on base; Boston 2 - Greenville 1 |
BOTTOM OF THE 9TH |
Greenville 84s batting - Pitching for Boston Patriots : LHP Bradley Roth
|
Batting: RHB Moriz Ayushiev
|
0-0: Called Strike 0-1: Ball 1-1: Ground out 6-3 (Groundball, 56, EV 110.0 MPH)
|
Batting: LHB Vicente Gonzáles
|
0-0: Called Strike 0-1: Ball 1-1: Ball 2-1: Foul Ball, location: 2F 2-2: Strikes out looking
|
Batting: RHB Ángelo Delgado
|
0-0: Ball 1-0: Ball 2-0: Called Strike 2-1: Foul Ball, location: 2F 2-2: Foul Ball, location: 2F 2-2: SOLO HOME RUN (Flyball, 78XD, EV 87.5 MPH), Distance : 422 ft
|
Batting: LHB Quincy Wass
|
0-0: Called Strike 0-1: SINGLE (Groundball, 6D, EV 102.5 MPH)
|
Batting: RHB Mun-wah Law
|
0-0: Called Strike 0-1: Swinging Strike 0-2: Ball 1-2: Ball 2-2: Foul Ball, location: 2F 2-2: 2-RUN HOME RUN (Line Drive, 7D, EV 101.2 MPH), Distance : 382 ft
|
|
Friday, March 26th, 2021 - OOTP Baseball 20.8 Build 74
|
|